 Dungeon Crawl Stone Soup version 0.16.1-51-g6203257 (webtiles) character file.

102709 RepoMan the Transmogrifier (level 16, -4/165 HPs)
             Began as a Gargoyle Transmuter on July 15, 2015.
             Was the Champion of Vehumet.
             Slain by a white very ugly thing (47 damage)
             ... on level 1 of the Abyss on July 17, 2015.
             The game lasted 07:37:02 (33082 turns).

RepoMan the Transmogrifier (Gargoyle Transmuter)   Turns: 33082, Time: 07:37:02

Health: -4/165     AC: 28    Str: 15    XL:     16   Next: 34%
Magic:  23/34      EV:  2    Int: 16    God:    Vehumet [******]
Gold:   3648       SH:  0    Dex: 17    Spells: 8 memorised, 4 levels left

rFire  . . .     SeeInvis .       - Unarmed
rCold  . . .     Clarity  +     c - melded +0 robe "Lekiot" {rCorr Str+6 Stlth+}
rNeg   + + +     SustAb   .     (no shield)
rPois  ∞         Gourm    .     R - melded +1 helmet {Int+3}
rElec  .         Spirit   .     f - melded +0 cloak
rCorr  .         Warding  .     u - melded +2 pair of gloves
rMut   .         NoTele   +     l - melded +0 pair of boots
MR     +....                    n - amulet of Vitality {Regen+ HP+15}
Stlth  ++........               N - +3 ring of dexterity
                                s - +3 ring of slaying

@: tree-form, somewhat resistant to hostile enchantments, unstealthy
A: able to fly continuously, (big wings), (iridescent scales 0), clarity,
negative energy resistance 1, (electricity resistance), spit poison 1,
(unbreathing), petrification resistance, rot immunity, AC +11
a: Spit Poison, Fly, Renounce Religion


You were on level 1 of the Abyss.
You worshipped Vehumet.
Vehumet was exalted by your worship.
You were not hungry.
You were a tree.
You visited 4 branches of the dungeon, and saw 28 of its levels.
You visited the Abyss 1 time.
You also visited: Ice Cave.

You collected 3809 gold pieces.
You spent 161 gold pieces at shops.

Inventory:

Missiles
 x - 359 arrows
Armour
 c - the +0 robe "Lekiot" (melded) {rCorr Str+6 Stlth+}
   (You found it on level 4 of the Lair of Beasts)

   It affects your strength (+6).
   It protects you from acid and corrosion.
   It makes you more stealthy.
 f - a +0 cloak (melded)
 l - a +0 pair of boots (melded)
 o - a +1 plate armour of cold resistance
 u - a +2 pair of gloves (melded)
 O - a +1 helmet of see invisible
 R - a +1 helmet of intelligence (melded)
Jewellery
 g - an uncursed ring of teleport control
 n - the amulet of Vitality (around neck) {Regen+ HP+15}
   (You acquired it on level 9 of the Dungeon)

   [amulet of regeneration]

   It affects your health (+15).
   It increases your rate of regeneration.
 s - a +3 ring of slaying (left branch)
 B - an uncursed ring of sustain abilities {unknown}
 I - a +5 ring of dexterity
 N - a +3 ring of dexterity (right branch)
Magical devices
 d - a wand of cold (6)
 r - a wand of cold (11)
 t - a wand of cold (10)
 w - a wand of heal wounds (0)
 y - a wand of cold (9)
Scrolls
 b - 2 scrolls of fear
 h - 2 scrolls of immolation
 i - 3 scrolls of remove curse
 k - 3 scrolls of recharging
 z - a scroll of silence
 F - 2 scrolls of blinking
 G - a scroll of teleportation
 H - 7 scrolls of identify
 L - 3 scrolls of vulnerability
 Z - a scroll of holy word
Potions
 j - a potion of cancellation
 v - 6 potions of brilliance
 C - 2 potions of agility
 D - 12 potions of curing
 Q - a potion of lignification
 S - 2 potions of restore abilities
 T - 2 potions of might
Books
 e - a book of Frost

   Spells                             Type                      Level
   a - Freeze                         Ice                          1
   b - Throw Frost                    Conjuration/Ice              2
   c - Ozocubu's Armour               Charms/Ice                   3
   d - Throw Icicle                   Conjuration/Ice              4
   e - Summon Ice Beast               Ice/Summoning                4
   f - Condensation Shield            Ice                          4
 A - a Grand Grimoire {highlevel, unknown}

   This book is beyond your current level of understanding.

   Spells                             Type                      Level
   a - Aura of Abjuration             Summoning                    6
   b - Summon Greater Demon           Summoning                    7
   c - Malign Gateway                 Summoning/Translocation      7
   d - Summon Horrible Things         Summoning                    8
 E - a book of Enchantments

   Spells                             Type                      Level
   a - Tukima's Dance                 Hexes                        3
   b - Cause Fear                     Hexes                        4
   c - Silence                        Hexes/Air                    5
   d - Deflect Missiles               Charms/Air                   6
   e - Haste                          Charms                       6
   f - Discord                        Hexes                        8
Comestibles
 a - 13 bread rations
 p - 16 meat rations
 q - a royal jelly


   Skills:
 + Level 8.8 Fighting
 + Level 8.6 Armour
 + Level 6.9 Dodging
 * Level 12.8 Unarmed Combat
 + Level 10.8 Spellcasting
 - Level 4.8 Conjurations
 * Level 12.9 Transmutations
 * Level 12.7 Earth Magic


You had 4 spell levels left.
You knew the following spells:

 Your Spells              Type           Power        Failure   Level  Hunger
a - Stone Arrow           Conj/Erth      #####.       1%          3    None
b - Blade Hands           Trmt           ######....   1%          5    #####..
g - Ignite Poison         Fire/Trmt      ####......   4%          5    #####..
i - Irradiate             Conj/Trmt      #####.....   2%          5    #####..
l - Lee's Rapid Deconstr  Erth           #####.....   1%          5    #####..
p - Petrify               Trmt/Erth      #####...     1%          4    ###....
s - Sticks to Snakes      Trmt           ######....   1%          2    None
w - Passwall              Trmt/Erth      #####.....   1%          3    None


Dungeon Overview and Level Annotations

Branches:
Dungeon (15/15)            Temple (1/1) D:6            Lair (8/8) D:9
  Swamp (0/5) Lair:6        Snake (0/5) Lair:6        Slime (0/6) Lair:6
    Orc (4/4) D:9             Elf (0/3) Orc:4        Vaults (0/5) D:13
 Depths (0/5) D:15

Altars:
Ashenzari
Cheibriados
Dithmenos
Elyvilon
Fedhas
Gozag
Kikubaaqudgha
Makhleb
Nemelex Xobeh
Okawaru
Qazlal
Ru
Sif Muna
Trog
Vehumet
Xom
Yredelemnul
Zin
The Shining One
Beogh
Jiyva

Shops:
D:7 %!:   D:8 *   D:15 }   Orc:1 [=   Orc:3 *   Orc:4 [*(:

Portals:
Hell: Lair:8
Trove: D:15 (give +5 ice dragon armour)

Annotations:
D:9 exclusion: oklob plant


Innate Abilities, Weirdness & Mutations

You are resistant to torment.
You are immune to poison.
You can fly continuously.
((Your stone body is very resilient (AC +11).))
((Your wings are large and strong.))
You resist negative energy.
((You are resistant to electric shocks.))
((You can survive without breathing.))
You are immune to petrification.
You are immune to rotting.
((You are partially covered in iridescent scales (AC +4).))
You possess an exceptional clarity of mind.
You can spit poison.


Message History

Here: a white very ugly thing (heavily wounded)
The floor, spattered with blood.
Unknown command.
Drink which item? (? for menu, Esc to quit)
Your hands revert to their normal proportions.
Your +2 pair of gloves unmelds from your body.
You turn into a tree.
Your +0 cloak melds into your body.
Your +1 helmet of intelligence melds into your body.
Your +2 pair of gloves melds into your body.
Your +0 pair of boots melds into your body.
The +0 robe "Lekiot" {rCorr Str+6 Stlth+} melds into your body.
You feel stupid.
Your roots penetrate the ground.
The white very ugly thing claws you but does no damage.
You pummel the white very ugly thing!!
The white very ugly thing is severely wounded.
The white very ugly thing claws you.
* * * LOW HITPOINT WARNING * * *
The white very ugly thing freezes you!!!
You die...

#..#.
#..#.### .
. .. #. ..
## # #.h. .
.## ### #.#
#. ###..##
. ...#. .
##u#.
.#..##.§#
#♣#.. . . .
##..#.
###....###.
##. . #
#..##
#....#
###.# #
.##.#.# . #
.# #.## .#.
..#. .# ..
.. ... # ..
# ..


You could see a white very ugly thing.

Vanquished Creatures
  An Executioner (Abyss:1)
  2 orc warlords
  A frost giant (IceCv)
  The ghost of Name63 the Warrior, a powerful GrAK of Lugonu (Orc:4)
  The ghost of ghwc the Destroyer, a powerful TeWz of Sif Muna (Lair:8)
  The ghost of Gargoyl the Bludgeoner, a powerful GrBe of Trog (Orc:4)
  2 dire elephants (Lair:8)
  An ice dragon (Orc:4)
  7 hydras
  Erica (Lair:4)
  2 dancing weapons (D:13)
  The ghost of Gargoyl the Basher, a powerful GrBe of Trog (D:10)
  A hell beast (Lair:8)
  4 centaur warriors
  9 death yaks
  3 orc high priests (Orc:4)
  5 slime creatures
  2 unseen horrors
  A wizard (Lair:8)
  An ice statue (IceCv)
  3 hill giants
  A lindwurm (Lair:8)
  3 orc knights (Orc:4)
  4 manticores
  A wolf spider (D:15)
  3 ugly things (D:12)
  2 cyclopes
  A sixfirhy (Orc:4)
  A manticore (shapeshifter) (D:14)
  2 orc sorcerers
  11 elephants
  4 centaur zombies
  A torpor snail (Lair:7)
  5 black mambas
  10 spiny frogs
  A gargoyle (D:12)
  A large abomination (Abyss:1)
  An orange demon (Lair:8)
  An efreet (D:12)
  5 komodo dragons
  A starcursed mass (Abyss:1)
  A hellwing (Lair:8)
  2 fire drakes (Lair:4)
  2 kobold demonologists (D:13)
  2 ancient zymes (Abyss:1)
  4 wandering mushrooms (D:14)
  17 polar bears
  5 red devils (Lair:8)
  8 blink frogs
  3 blue devils (Lair:8)
  A trapdoor spider zombie (D:11)
  A two-headed ogre (D:7)
  A raiju (Abyss:1)
  A boulder beetle (Lair:8)
  A ynoxinul (Abyss:1)
  2 basilisks
  A wraith (D:12)
  3 wyverns
  A hungry ghost (D:15)
  2 hogs (shapeshifter) (D:13)
  70 yaks
  11 hippogriffs
  A shadow (D:13)
  2 neqoxecs (Abyss:1)
  2 deep elf magi
  3 vampire mosquitoes (D:14)
  2 soldier ants
  8 wargs
  Edmund (D:8)
  4 ice beasts
  4 sky beasts
  A hell hound (Lair:8)
  34 orc warriors
  24 wolves
  A phantom (D:5)
  Purgy (D:4)
  17 water moccasins
  2 necrophages
  A black bear (shapeshifter) (D:15)
  3 eyes of draining
  8 porcupines
  2 wasps
  10 ogres
  21 centaurs
  17 crocodiles
  3 big kobolds
  2 boring beetles (Lair:7)
  A brain worm (D:15)
  12 giant frogs
  2 gnoll sergeants
  A wyvern zombie (D:12)
  A water moccasin zombie (D:9)
  A wyvern skeleton (D:14)
  2 killer bees (D:7)
  6 scorpions
  An electric eel (Lair:3)
  2 quasits
  A wight (D:15)
  2 oklob saplings (D:14)
  A giant frog zombie (D:6)
  5 crimson imps
  4 goliath beetles
  10 iguanas
  3 giant frog skeletons
  25 orc priests
  3 jellies
  17 hounds
  6 centaur skeletons
  3 worker ants
  55 orc wizards
  24 sheep
  2 small abominations (Abyss:1)
  Ijyb (D:2)
  3 hound zombies
  2 hound skeletons
  16 gnolls
  33 adders
  2 orc skeletons (Orc:4)
  67 river rats
  5 shadow imps
  4 giant mites (D:7)
  A white imp (Abyss:1)
  A worm (D:3)
  6 ufetubi
  An adder zombie (D:9)
  An adder skeleton (D:7)
  6 giant geckos
  4 oozes
  220 orcs
  19 hobgoblins
  6 jackals
  31 kobolds
  13 quokkas
  A ball python (D:5)
  22 bats
  5 giant cockroaches
  A giant gecko skeleton (D:6)
  6 giant newts
  22 goblins
  A jackal skeleton (D:5)
  4 orc zombies (Orc:4)
  A quokka skeleton (D:9)
  A quokka zombie (D:6)
  22 rats
  2 fungi
  A plant (D:1)
1143 creatures vanquished.

Vanquished Creatures (collateral kills)
  2 hydras
  A death yak (Lair:5)
  An orc high priest (Orc:4)
  2 orc sorcerers (Orc:4)
  A griffon (Lair:4)
  A spiny frog (Lair:3)
  A two-headed ogre (D:6)
  3 blink frogs
  2 yaks (D:9)
  A ynoxinul (Orc:4)
  A wyvern (D:8)
  A hippogriff (Lair:3)
  10 orc warriors
  A gnoll sergeant (D:6)
  3 killer bees (D:7)
  A quasit (D:7)
  4 orc priests
  2 orc wizards (Orc:4)
  A worker ant zombie (D:6)
  An adder (D:2)
  5 orc zombies (Orc:4)
  6 gnolls
  6 river rats
  2 worms
  4 ufetubi (Orc:4)
  9 orcs
  A bat (D:2)
73 creatures vanquished.

Vanquished Creatures (others)
  A polar bear (IceCv)
  A yak (IceCv)
  3 wolves (IceCv)
  A porcupine (Lair:4)
  A crocodile (Lair:4)
  An orc (Orc:3)
  2 quokkas (Lair:4)
  A lurking horror (Abyss:1)
  A butterfly (D:4)
  9 fungi
  7 plants
28 creatures vanquished.

Grand Total: 1244 creatures vanquished

Notes
Turn   | Place    | Note
--------------------------------------------------------------
     0 | D:1      | RepoMan, the Gargoyle Transmuter, began the quest for the Orb.
     0 | D:1      | Reached XP level 1. HP: 12/12 MP: 3/3
   480 | D:1      | Reached XP level 2. HP: 6/16 MP: 1/4
   499 | D:1      | Learned a level 2 spell: Sticks to Snakes
  1306 | D:1      | Reached XP level 3. HP: 13/20 MP: 4/6
  1534 | D:2      | Found a burning altar of Makhleb.
  1649 | D:2      | Noticed Ijyb
  1964 | D:2      | Killed Ijyb
  1964 | D:2      | Reached skill level 1 in Armour
  1964 | D:2      | Reached XP level 4. HP: 25/25 MP: 0/8
  1988 | D:2      | Found a burning altar of Makhleb.
  1990 | D:2      | Found a sacrificial altar of Ru.
  2388 | D:3      | Found an opulent altar of Gozag.
  2472 | D:3      | Reached XP level 5. HP: 24/29 MP: 9/9
  2488 | D:3      | Reached skill level 4 in Unarmed Combat
  3385 | D:4      | Reached XP level 6. HP: 28/34 MP: 13/13
  3563 | D:4      | Noticed Purgy
  3596 | D:4      | Killed Purgy
  4517 | D:4      | Gained mutation: You can spit poison. [potion of mutation]
  4517 | D:4      | Gained mutation: You are partially covered in iridescent scales (AC +4). [potion of mutation]
  4517 | D:4      | Gained mutation: You possess an exceptional clarity of mind. [potion of mutation]
  4539 | D:5      | Entered Level 5 of the Dungeon
  4698 | D:5      | Reached XP level 7. HP: 35/38 MP: 13/15
  4755 | D:5      | Reached skill level 5 in Unarmed Combat
  5084 | D:5      | Learned a level 3 spell: Passwall
  5591 | D:5      | Reached skill level 1 in Earth Magic
  5882 | D:5      | Found a deep blue altar of Sif Muna.
  6057 | D:6      | Reached XP level 8. HP: 35/43 MP: 18/18
  6067 | D:6      | Found a burning altar of Makhleb.
  6193 | D:6      | Reached skill level 5 in Transmutations
  6328 | D:6      | Found a staircase to the Ecumenical Temple.
  6338 | Temple   | Entered the Ecumenical Temple
  6532 | Temple   | Became a worshipper of Vehumet
  6608 | D:6      | Noticed a two-headed ogre
  6618 | D:6      | Killed a two-headed ogre
  6756 | D:6      | Found a deep blue altar of Sif Muna.
  6768 | D:6      | Found a blossoming altar of Fedhas.
  6926 | D:6      | Learned a level 4 spell: Petrify
  6948 | D:6      | Reached skill level 5 in Spellcasting
  7487 | D:6      | Reached skill level 6 in Unarmed Combat
  7768 | D:7      | Found Abuin's Distillery.
  8013 | D:7      | Bought a potion of heal wounds for 60 gold pieces
  8115 | D:7      | Reached XP level 9. HP: 33/47 MP: 21/21
  8324 | D:7      | Acquired Vehumet's first power
  8324 | D:7      | Offered knowledge of Freeze by Vehumet.
  8845 | D:7      | Found Banoyr's Food Shoppe.
  8925 | D:7      | Found Taym's Book Shoppe.
  9462 | D:8      | Found a snail-covered altar of Cheibriados.
  9525 | D:8      | Noticed Edmund
  9553 | D:8      | Killed Edmund
  9553 | D:8      | Offered knowledge of Magic Dart by Vehumet.
  9553 | D:8      | Reached skill level 7 in Unarmed Combat
  9553 | D:8      | Reached skill level 5 in Earth Magic
  9556 | D:8      | Learned a level 1 spell: Magic Dart
  9671 | D:8      | Found a glowing silver altar of Zin.
  9672 | D:8      | Found Zin's Purification Station.
  9803 | D:8      | Learned a level 5 spell: Blade Hands
  9859 | D:8      | Reached skill level 1 in Conjurations
  9971 | D:8      | Identified Sif Muna's Grimoire of Lightness (You found it on level 8 of the Dungeon)
  9987 | D:8      | Found an ancient bone altar of Kikubaaqudgha.
 10413 | D:9      | Reached XP level 10. HP: 34/52 MP: 22/24
 10516 | D:9      | Found a staircase to the Lair.
 10517 | D:9      | Noticed a komodo dragon
 10805 | D:9      | Offered knowledge of Static Discharge by Vehumet.
 10951 | D:9      | Found a glowing golden altar of the Shining One.
 10951 | D:9      | Noticed an oklob plant
 11059 | D:9      | Reached skill level 8 in Transmutations
 11219 | D:9      | Acquired Vehumet's second power
 11457 | D:8      | Killed a komodo dragon
 11457 | D:8      | Reached skill level 9 in Transmutations
 11752 | D:9      | Learned a level 5 spell: Lee's Rapid Deconstruction
 11791 | D:9      | Offered knowledge of Mephitic Cloud by Vehumet.
 12080 | D:9      | Found a staircase to the Orcish Mines.
 12431 | D:10     | Entered Level 10 of the Dungeon
 12570 | D:10     | Noticed Gargoyl's ghost (powerful GrBe)
 12675 | Lair:1   | Entered Level 1 of the Lair of Beasts
 12695 | D:9      | Identified a scroll of acquirement
 13022 | Lair:1   | Reached XP level 11. HP: 56/56 MP: 23/26
 13181 | Lair:1   | Acquired Vehumet's third power
 13488 | D:9      | Offered knowledge of Bolt of Magma by Vehumet.
 14123 | Lair:2   | Noticed a five-headed hydra
 14386 | Lair:2   | Killed a five-headed hydra
 14386 | Lair:2   | Reached skill level 10 in Transmutations
 14412 | Lair:2   | Offered knowledge of Irradiate by Vehumet.
 14420 | Lair:2   | Learned a level 5 spell: Irradiate
 16010 | Lair:4   | Got a heavily jewelled robe
 16061 | Lair:4   | Identified the +0 robe "Lekiot" {rCorr Str+6 Stlth+} (You found it on level 4 of the Lair of Beasts)
 16182 | Lair:4   | Offered knowledge of Orb of Destruction by Vehumet.
 16323 | Lair:4   | Reached XP level 12. HP: 54/64 MP: 28/28
 16581 | Lair:4   | Noticed a five-headed hydra
 16802 | Lair:5   | Noticed a death yak
 16831 | Lair:5   | Killed a death yak
 16883 | Lair:5   | Noticed a death yak
 17305 | Lair:4   | Killed a nine-headed hydra
 17436 | Lair:4   | Noticed Erica
 17453 | Lair:4   | Killed Erica
 17845 | Lair:5   | Learned a level 3 spell: Stone Arrow
 17984 | Lair:5   | Killed a death yak
 18119 | Lair:5   | Noticed a death yak
 18127 | Lair:5   | Noticed a death yak
 18140 | Lair:5   | Killed a death yak
 18145 | Lair:5   | Killed a death yak
 18399 | Lair:6   | Found a staircase to the Snake Pit.
 18399 | Lair:6   | Noticed a seven-headed hydra
 18412 | Lair:5   | Killed a seven-headed hydra
 18489 | Lair:6   | Noticed a death yak
 18491 | Lair:6   | Noticed a death yak
 18491 | Lair:6   | Noticed a death yak
 18494 | Lair:6   | Noticed a death yak
 18500 | Lair:6   | Killed a death yak
 18500 | Lair:6   | Reached skill level 5 in Fighting
 18500 | Lair:6   | Reached XP level 13. HP: 72/72 MP: 25/29
 18507 | Lair:6   | Killed a death yak
 18507 | Lair:6   | Reached skill level 11 in Transmutations
 18510 | Lair:6   | Killed a death yak
 18510 | Lair:6   | Reached skill level 5 in Armour
 18519 | Lair:6   | Killed a death yak
 18519 | Lair:6   | Reached skill level 10 in Unarmed Combat
 18625 | Lair:6   | Offered knowledge of Freezing Cloud by Vehumet.
 18696 | Lair:6   | Found a staircase to the Slime Pits.
 18696 | Lair:6   | Found a viscous altar of Jiyva.
 18722 | Lair:6   | Found a staircase to the Swamp.
 20282 | Lair:8   | Entered Level 8 of the Lair of Beasts
 20322 | Lair:8   | Noticed ghwc's ghost (powerful TeWz)
 20338 | Lair:8   | Killed ghwc's ghost
 20396 | Lair:8   | Reached skill level 10 in Earth Magic
 20603 | Lair:8   | Reached skill level 5 in Dodging
 21046 | Lair:8   | Gained mutation: Your wings are large and strong. [gargoyle growth]
 21046 | Lair:8   | Reached XP level 14. HP: 80/80 MP: 31/31
 21135 | Lair:8   | Noticed a dire elephant
 21152 | Lair:8   | Killed a dire elephant
 21744 | Lair:8   | Found a burning altar of Makhleb.
 21764 | Lair:8   | Found a gateway to Hell.
 21809 | Lair:8   | Noticed a dire elephant
 21818 | Lair:8   | Killed a dire elephant
 22314 | D:10     | Found a roughly hewn altar of Beogh.
 22332 | D:10     | Offered knowledge of Ignite Poison by Vehumet.
 22675 | D:10     | Killed Gargoyl's ghost
 22749 | D:11     | Learned a level 5 spell: Ignite Poison
 23548 | D:12     | Reached skill level 10 in Spellcasting
 23788 | D:12     | Reached skill level 12 in Transmutations
 24862 | D:13     | Offered knowledge of Poison Arrow by Vehumet.
 25070 | D:13     | Reached XP level 15. HP: 86/86 MP: 30/32
 25508 | D:13     | Found a gate to the Vaults.
 26234 | D:14     | Found a blossoming altar of Fedhas.
 26380 | D:15     | Entered Level 15 of the Dungeon
 26587 | D:15     | Found a portal to a secret trove of treasure.
 26735 | D:15     | Got a smelly leather armour
 26736 | D:15     | Identified the +3 leather armour of the Ditch-Digger {Slay+3} (You found it on level 15 of the Dungeon)
 26781 | D:15     | Found Usiuqod's Gadget Emporium.
 26985 | D:15     | Found a staircase to the Depths.
 27578 | Orc:1    | Entered Level 1 of the Orcish Mines
 27661 | Orc:1    | Found Truek's Jewellery Boutique.
 27672 | Orc:1    | Found Ururafal's Antique Armour Emporium.
 27855 | Orc:2    | Found a roughly hewn altar of Beogh.
 28020 | Orc:2    | Offered knowledge of Ozocubu's Refrigeration by Vehumet.
 28904 | Orc:3    | Found Qimexuxe's Assorted Antiques.
 28909 | Orc:3    | Offered knowledge of Iron Shot by Vehumet.
 28977 | Orc:3    | Bought a scroll of magic mapping for 101 gold pieces
 29512 | Orc:4    | Entered Level 4 of the Orcish Mines
 29520 | Orc:4    | Found an iron altar of Okawaru.
 29603 | Orc:4    | Found a frozen archway.
 29686 | IceCv    | Entered an ice cave
 29829 | IceCv    | Offered knowledge of Lehudib's Crystal Spear by Vehumet.
 29829 | IceCv    | Offered knowledge of Shatter by Vehumet.
 29829 | IceCv    | Offered knowledge of Tornado by Vehumet.
 30172 | IceCv    | Noticed a frost giant
 30305 | IceCv    | Killed a frost giant
 30578 | Orc:4    | Noticed Gargoyl's ghost (powerful GrBe)
 30587 | Orc:4    | Killed Gargoyl's ghost
 30587 | Orc:4    | Reached XP level 16. HP: 56/94 MP: 29/34
 30688 | Orc:4    | Noticed Name63's ghost (powerful GrAK)
 30705 | Orc:4    | Killed Name63's ghost
 31001 | Orc:4    | Found a staircase to the Elven Halls.
 32515 | Orc:4    | Found Saruh's General Store.
 32519 | Orc:4    | Found Phiysuut's Antique Armour Emporium.
 32536 | Orc:4    | Found Itamug's Antique Weapon Emporium.
 32537 | Orc:4    | Found Criace's Book Shoppe.
 32758 | Orc:4    | Cast into the Abyss (a deep elf demonologist)
 32828 | Abyss:1  | Noticed an Executioner
 32839 | Abyss:1  | Killed an Executioner
 33082 | Abyss:1  | Slain by a white very ugly thing

Action                   |  1- 3 |  4- 6 |  7- 9 | 10-12 | 13-15 | 16-18 || total
-------------------------+-------+-------+-------+-------+-------+-------++-------
Melee: Unarmed           |   212 |   316 |   575 |   933 |  1422 |   266 ||  3724
 Fire: Blowgun           |       |       |    40 |    40 |    15 |       ||    95
Throw: Throwing net      |     2 |     3 |       |     1 |       |       ||     6
 Cast: Beastly Appendage |    16 |    28 |    53 |    43 |       |       ||   140
       Sticks to Snakes  |     7 |     5 |    49 |    71 |    21 |    47 ||   200
       Petrify           |       |       |     2 |    31 |    11 |     1 ||    45
       Magic Dart        |       |       |    10 |    42 |       |       ||    52
       Lee's Rapid Decon |       |       |       |    48 |    56 |    14 ||   118
       Blade Hands       |       |       |       |    15 |    67 |    16 ||    98
       Passwall          |       |       |       |     2 |     5 |     2 ||     9
       Stone Arrow       |       |       |       |     5 |    91 |    31 ||   127
       Irradiate         |       |       |       |       |     8 |     1 ||     9
       Ignite Poison     |       |       |       |       |     1 |       ||     1
 Abil: Spit Poison       |       |     1 |    14 |    19 |     5 |     1 ||    40
       Fly               |       |       |       |       |     2 |       ||     2
       Stop Flying       |       |       |       |       |     2 |       ||     2
Evoke: Wand              |       |       |     4 |     8 |       |       ||    12
  Use: Potion            |       |     8 |     2 |     4 |    10 |     4 ||    28
       Scroll            |       |    10 |     3 |    19 |    11 |     3 ||    46
 Stab: Distracted        |     1 |       |     1 |       |     1 |     3 ||     6
       Held in net/web   |       |     2 |     1 |       |       |       ||     3
       Invisible         |       |     1 |       |       |       |       ||     1
       Sleeping          |       |       |     2 |     2 |    17 |     1 ||    22
       Petrified         |       |       |       |    18 |     1 |       ||    19
       Petrifying        |       |       |       |     3 |       |       ||     3
  Eat: Chunk             |     4 |    11 |    18 |    38 |    70 |    13 ||   154
       Fruit             |       |       |     1 |     1 |     5 |       ||     7
       Royal jelly       |       |       |     1 |     2 |       |       ||     3
       Meat ration       |       |       |       |     2 |     1 |       ||     3
       Pizza             |       |       |       |       |     1 |       ||     1
       Beef jerky        |       |       |       |       |     1 |       ||     1
       Bread ration      |       |       |       |       |       |     1 ||     1
